Map: Central Protocol

Players

Elazer - Winner!

  • Race: Zerg Zerg
  • League: Grandmaster

PtitDrogo

  • Race: Protoss Protoss
  • League: Master

Event: Homestory Cup XII

VOD

Have the link to the VOD?

Description

Time

  • Played on: Dec. 20, 2015, 9:19 a.m.
  • Length: 11:59

All games in this series

Show
View Real Time Build Order
Export as new Build Order

Elazer Zerg - Winner!

Build Orders: Hatch First, Lurkers 

Get SALT Encoding   

  12  0:00  Drone  
  13  0:12  Overlord  
  13  0:17  Drone  
  14  0:30  Drone x2  
  14  0:34  Drone  
  17  0:52  Hatchery  
  17  0:54  Drone  
  17  0:57  Drone  
  18  1:08  Extractor  
  17  1:12  Spawning Pool  
  17  1:15  Drone  
  17  1:19  Drone  
  18  1:28  Drone  
  19  1:39  Overlord  
  19  1:51  Drone  
  20  1:58  Queen  
  20  2:00  Drone  
  23  2:03  Queen  
  23  2:04  Zergling x2  
  26  2:10  Metabolic Boost  
  26  2:12  Drone  
  26  2:15  Drone  
  28  2:25  Drone  
  28  2:26  Drone  
  30  2:32  Drone  
  31  2:37  Hatchery  
  31  2:42  Queen  
  32  2:48  Zergling x4  
  34  2:54  Zergling x4  
  35  3:04  Overlord  
  35  3:08  Drone  
  35  3:11  Overlord  
  36  3:22  Drone x7  
  43  3:32  Overlord  
  43  3:34  Drone  
  44  3:37  Extractor  
  44  3:40  Spine Crawler  
  42  3:41  Spine Crawler  
  42  3:46  Overlord  
  41  3:52  Zergling x10  
  41  3:53  Roach Warren  
  45  3:58  Overlord  
  44  4:03  Queen  
  44  4:07  Queen  
  48  4:18  Zergling x6  
  48  4:19  Zergling x2  
  51  4:33  Roach x4  
  51  4:34  Roach  
  51  4:36  Roach  
  63  4:43  Roach x2  
  62  4:49  Roach  
  58  4:57  Roach x2  
  60  5:02  Zergling x2  
  53  5:14  Roach x3  
  53  5:21  Roach, Zergling x6  
  53  5:29  Zergling x2  
  54  5:45  Drone x3  
  54  5:47  Drone x3  
  54  5:48  Drone  
  61  5:51  Ravager  
  61  5:54  Overlord  
  61  6:06  Drone x2  
  61  6:10  Drone x3  
  65  6:16  Ravager  
  66  6:18  Overlord  
  65  6:29  Drone x2  
  65  6:30  Drone x3  
  65  6:31  Drone, Extractor  
  69  6:35  Overlord  
  69  6:36  Drone  
  69  6:37  Lair  
  70  6:41  Overlord  
  70  6:47  Drone x2  
  70  6:50  Queen  
  71  6:55  Overlord  
  71  7:00  Drone  
  71  7:01  Drone x2  
  73  7:03  Drone, Extractor  
  73  7:04  Drone  
  73  7:07  Drone  
  73  7:08  Drone  
  76  7:09  Drone  
  76  7:12  Drone  
  76  7:13  Drone  
  79  7:22  Overlord  
  79  7:24  Roach x3  
  85  7:30  Roach x3  
  85  7:32  Ravager x2  
  85  7:34  Glial Reconstitution  
  93  7:38  Overseer  
  93  7:40  Drone x3  
  93  7:41  Drone  
  97  7:48  Overlord  
  97  7:49  Drone x4  
  101  7:51  Extractor  
  101  7:52  Zergling x2  
  101  7:56  Roach x3  
  107  8:01  Roach x3  
  107  8:04  Roach  
  115  8:07  Roach  
  115  8:08  Roach  
  119  8:15  Overlord  
  119  8:18  Roach x4  
  126  8:22  Zergling x8  
  126  8:23  Ravager  
  126  8:24  Ravager  
  123  8:38  Drone x5  
  123  8:40  Overlord  
  128  8:46  Drone  
  128  8:47  Drone x2  
  131  8:48  Hydralisk Den  
  130  8:55  Hatchery  
  130  9:00  Ravager x2  
  130  9:01  Ravager x2  
  133  9:04  Ravager  
  133  9:07  Overlord  
  132  9:10  Roach x3  
  132  9:12  Zergling x6  
  141  9:17  Ravager  
  141  9:19  Overlord  
  141  9:20  Drone x3  
  144  9:32  Overlord  
  144  9:35  Drone x3, Lurker Den  
  121  9:59  Hydralisk x5  
  101  10:12  Extractor  
  98  10:17  Hydralisk x5  
  98  10:19  Zergling x12  
  112  10:31  Hydralisk x3  
  112  10:32  Hatchery  
  116  10:43  Overlord  
  116  10:44  Overlord  
  116  10:49  Overlord x2  
  116  10:52  Roach x3  
  116  10:53  Zergling x2  
  116  10:54  Ravager, Zergling x4  
  125  11:05  Lurker x2  
  125  11:06  Lurker x2  
  125  11:08  Zergling x14  
  135  11:17  Overlord  
  135  11:22  Lurker  
  135  11:23  Lurker  
  137  11:25  Zergling x4  
  137  11:26  Zergling x6  
  129  11:35  Zergling x2  
  129  11:36  Zergling x2  
Show
View Real Time Build Order
Export as new Build Order

PtitDrogo Protoss 

Build Orders: Mass Adepts 

Get SALT Encoding   

  12  0:01  Probe (Chrono Boost)  
  13  0:11  Probe (Chrono Boost)  
  14  0:17  Pylon  
  14  0:22  Probe (Chrono Boost)  
  16  0:35  Probe (Chrono Boost)  
  16  0:36  Gateway  
  16  0:42  Assimilator  
  16  0:46  Probe (Chrono Boost)  
  17  0:56  Probe (Chrono Boost)  
  18  1:01  Gateway  
  18  1:07  Probe (Chrono Boost)  
  18  1:09  Assimilator  
  19  1:18  Probe (Chrono Boost)  
  20  1:23  Cybernetics Core  
  20  1:28  Probe (Chrono Boost)  
  21  1:32  Pylon  
  21  1:39  Probe (Chrono Boost)  
  22  1:49  Probe (Chrono Boost)  
  23  2:00  Adept, Warp Gate (Chrono Boost)  
  23  2:01  Adept  
  27  2:18  Robotics Facility  
  27  2:28  Adept x2  
  31  2:38  Gateway  
  31  2:56  Gateway  
  31  3:10  Pylon  
  31  3:19  Pylon  
  31  3:27  Pylon, Warp Prism (Chrono Boost)  
  33  3:38  Pylon  
  33  3:50  Adept  
  33  3:51  Adept x3  
  41  4:04  Mothership Core (Chrono Boost)  
  41  4:08  Pylon  
  43  4:24  Pylon  
  43  4:25  Pylon  
  43  4:30  Adept x2  
  43  4:31  Adept x2  
  45  4:54  Adept x4  
  45  5:15  Stalker x3  
  35  5:30  Immortal (Chrono Boost)  
  39  5:50  Sentry  
  39  5:51  Sentry x2  
  45  6:17  Probe  
  46  6:23  Immortal (Chrono Boost)  
  50  6:29  Probe  
  51  6:33  Nexus  
  51  6:41  Probe  
  52  6:53  Adept x2  
  56  6:55  Probe (Chrono Boost)  
  57  7:06  Probe (Chrono Boost), Adept x2  
  62  7:14  Pylon  
  62  7:17  Probe (Chrono Boost)  
  63  7:27  Pylon  
  63  7:32  Sentry, Probe (Chrono Boost)  
  63  7:33  Sentry  
  68  7:43  Probe (Chrono Boost)  
  69  7:53  Robotics Bay  
  69  7:59  Probe (Chrono Boost)  
  71  8:06  Probe (Chrono Boost)  
  71  8:08  Immortal (Chrono Boost)  
  71  8:12  Probe  
  76  8:17  Probe  
  77  8:26  Probe  
  70  8:47  Disruptor (Chrono Boost)  
  73  8:49  Assimilator  
  73  8:51  Stalker x4, Assimilator  
  81  8:56  Gateway  
  81  9:03  Pylon  
  81  9:10  Probe  
  81  9:14  Probe  
  83  9:20  Zealot x3, Pylon  
  89  9:30  Disruptor (Chrono Boost)  
  92  9:57  Pylon  
  92  9:58  Pylon  
  78  10:00  Pylon  
  72  10:09  Stalker  
  72  10:11  Probe  
  75  10:16  Probe  
  75  10:21  Stalker x3  
  78  10:27  Disruptor (Chrono Boost)  
  85  10:30  Nexus  
  85  10:32  Pylon  
  84  10:40  Sentry  
  84  10:41  Sentry  
  88  10:47  Probe  
  88  10:48  Probe  
  90  10:50  Adept x2  
  90  10:51  Stalker  
  96  11:04  Adept  
  98  11:12  Adept x2  
  98  11:19  Adept  
  98  11:22  Probe  
  96  11:38  Probe  
  96  11:39  Probe  
  88  11:46  Stalker x2  
  86  11:47  Stalker x2  
Tags
 
Add a new tag
Caveats
  • Supply blocks, unpowered buildings, or Contaminate may cause inaccurate times.
  • Supply counts are checked every 10 seconds.